 Dungeon Crawl Stone Soup version 0.24-a0-464-g6b2be6b8c7 (webtiles) character file.

Game seed: 3659762436013473194

319 Marnok the Shield-Bearer (level 6, -1/56 HPs)
             Began as a Demigod Fighter on July 4, 2019.
             Succumbed to an orc wizard's poison
             ... on level 4 of the Dungeon.
             The game lasted 00:09:44 (3986 turns).

Marnok the Shield-Bearer (Demigod Fighter)          Turns: 3986, Time: 00:09:44

Health: -1/56      AC:  6    Str: 28    XL:     6   Next: 0%
Magic:  8/8        EV:  9    Int: 12    God:
Gold:   135        SH: 10    Dex: 15    Spells: 5/5 levels left

rFire    . . .     SeeInvis .   a - +0 long sword
rCold    . . .     Gourm    .   c - +0 shield
rNeg     . . .     Faith    .   j - +0 acid dragon scales (curse)
rPois    .         Spirit   .   (no helmet)
rElec    .         Reflect  .   (no cloak)
rCorr    +         Harm     .   (no gloves)
MR       .....     Rnd*Rage +   (no boots)
Stlth    +.........             (no amulet)
HPRegen  0.18/turn              (no ring)
MPRegen  0.11/turn              (no ring)

@: mighty, lethally poisoned (-1 -> -48)
A: berserk 1, blurry vision 1, high mp 1, robust 1, wild magic 1
a: no special abilities


You were on level 4 of the Dungeon.
You were not hungry.

You visited 1 branch of the dungeon, and saw 4 of its levels.

You collected 135 gold pieces.

Inventory:

Hand Weapons
 a - a +0 long sword (weapon)
 k - a +0 dagger of electrocution
Missiles
 q - 2 boomerangs (quivered)
Armour
 b - a +0 scale mail
 c - a +0 shield (worn)
 j - cursed +0 acid dragon scales (worn)
 s - a +1 ring mail of positive energy
Jewellery
 l - a +4 ring of protection {unknown}
Scrolls
 g - 2 scrolls of identify {unknown}
 h - 2 scrolls of fear
 i - a scroll of amnesia {unknown}
 o - 5 scrolls of remove curse {unknown}
 p - a scroll of holy word {unknown}
 r - a scroll of fog {unknown}
 t - a scroll of enchant weapon {unknown}
 u - a scroll of magic mapping {unknown}
Potions
 n - a potion of resistance
Comestibles
 f - 10 rations
 v - a chunk of flesh


   Skills:
 + Level 3.4 Fighting
 + Level 3.9 Long Blades
 + Level 3.3 Armour
 + Level 1.1 Dodging
 + Level 0.1 Stealth
 + Level 4.0 Shields


You had 5 spell levels left.
You didn't know any spells.
Your spell library contained the following spells:

 Spells                   Type           Power        Failure   Level  Hunger
 Animate Skeleton         Necr           N/A          90%         1    ##.....
 Apportation              Tloc           #.....       90%         1    ##.....
 Confusing Touch          Hex            #.....       90%         1    ##.....
 Summon Small Mammal      Summ           #...         90%         1    ##.....


Dungeon Overview and Level Annotations

Branches:
Dungeon (4/15)
 Temple: D:4-7


Innate Abilities, Weirdness & Mutations

You have an increased reservoir of magic. (+10% MP)
You tend to lose your temper in combat.
Scrolls take you a little longer to read.
You are robust. (+10% HP)
Your spells are a little harder to cast, but a little more powerful.


Message History

You are more poisoned.
Something hits you but does no damage.
You are more poisoned.
You slash something!
You feel very sick. You block something's attack.
You barely miss something.
* * * LOW HITPOINT WARNING * * *
You feel very sick.
You hear some strange, mumbled words.
A puff of flame appears from out of thin air!
The puff of flame hits you!
* * * LOW HITPOINT WARNING * * *
The orc priest looks encouraged for a moment.
Really read with blurry vision while enemies are nearby?
* * * LOW HITPOINT WARNING * * *
You feel sick. Something hits you but does no damage.
You are more poisoned.
You begin reading the scroll.
You continue reading the scroll.
You die...

#........#.#
..##........#.#
...........##.#
........[..##.#
...........##.#
..........o##.####
..........{†oo...#
#############{##.#
#@##.######
#######...........
...........###########+#
.##...##..## #......
##...###.## #......
..........# ####......
###..##+#..# #.........
#. #..# #......... #..#
#.......##


You could see 2 orc priests.

Vanquished Creatures
  2 scorpions (D:4)
  2 worker ants
  A hound skeleton (D:3)
  A howler monkey skeleton (D:4)
  7 adders
  An ooze (D:2)
  A dart slug (D:2)
  2 leopard geckos
  12 orcs (D:3)
  2 giant cockroaches
  5 goblins
  7 hobgoblins
  3 jackals (D:3)
  12 kobolds
  A quokka (D:4)
  A ball python (D:1)
  5 bats
  8 frilled lizards
  11 rats
84 creatures vanquished.

Notes
Turn   | Place    | Note
-------+----------+-------------------------------------------
     0 | D:1      | Marnok the Demigod Fighter began the quest for the Orb.
     0 | D:1      | Reached XP level 1. HP: 18/18 MP: 3/3
   413 | D:1      | Reached XP level 2. HP: 25/25 MP: 4/4
   676 | D:1      | Reached skill level 3 in Shields
  1151 | D:2      | Found a blossoming altar of Fedhas.
  1292 | D:2      | Reached XP level 3. HP: 28/30 MP: 5/5
  1664 | D:2      | Found a sacrificial altar of Ru.
  1678 | D:2      | You fall into a shaft and drop 1 floor!
  1697 | D:3      | Gained mutation: Scrolls take you a little longer to read.
                  | [potion of mutation]
  1697 | D:3      | Gained mutation: You are resistant to hostile enchantments.
                  | (MR+) [potion of mutation]
  1697 | D:3      | Gained mutation: You tend to lose your temper in combat.
                  | [potion of mutation]
  1697 | D:3      | Gained mutation: You have a pair of small horns on your
                  | head. [potion of mutation]
  1778 | D:3      | Reached XP level 4. HP: 26/38 MP: 6/6
  2002 | D:3      | Found a hide-covered altar of Uskayaw.
  2682 | D:2      | Found a shadowy altar of Dithmenos.
  3021 | D:3      | Found a radiant altar of Vehumet.
  3083 | D:3      | Reached XP level 5. HP: 36/45 MP: 7/7
  3296 | D:3      | Lost mutation: You have a pair of small horns on your head.
                  | [potion of mutation]
  3296 | D:3      | Lost mutation: You are resistant to hostile enchantments.
                  | (MR+) [potion of mutation]
  3296 | D:3      | Gained mutation: Your spells are a little harder to cast,
                  | but a little more powerful. [potion of mutation]
  3296 | D:3      | Gained mutation: You are robust. (+10% HP) [potion of
                  | mutation]
  3365 | D:3      | Found a shadowy altar of Dithmenos.
  3794 | D:4      | Reached skill level 1 in Dodging
  3794 | D:4      | Reached skill level 4 in Shields
  3962 | D:4      | Reached XP level 6. HP: 35/56 MP: 8/8
  3986 | D:4      | Succumbed to an orc wizard's poison

Levels and vault maps discovered:
D:1:      kennysheep_arrival_seaside, layout_basic, serial_park_tiny_2
D:2:      layout_loops_corners, lemuel_crystal_altar, overflow_temple_1_default,
          nicolae_ru_awakened_eye, minmay_pentomino_u4
D:3:      layout_loops_ring, eat_drink_and_be_merry_uskayaw, vehumet_crystals,
          grunt_dithmenos_smoke_and_mirrors
D:4:      corexii_shack_village, layout_basic, first_ration, dk_noncrumbling_2

Skill      XL: |  1  2  3  4  5 |
---------------+----------------+-----
Shields        | 3 4 |  4.0
Long Blades    | 2 3 |  3.9
Fighting       | 3 |  3.4
Armour         | 3 |  3.3
Dodging        | 1 |  1.1
Stealth        | |  0.1

Action                   |  1- 3 |  4- 6 || total
-------------------------+-------+-------++-------
Melee: Long sword        |   115 |   158 ||   273
       Headbutt          |     4 |    23 ||    27
  Use: Potion            |     4 |     6 ||    10
       Scroll            |     2 |       ||     2
  Eat: Chunk             |     2 |     5 ||     7
       Ration            |       |     1 ||     1
Armor: Scale mail        |    17 |       ||    17
       Acid dragon scale |    28 |    55 ||    83
Dodge: Dodged            |    54 |    55 ||   109
Block: Shield            |    60 |    97 ||   157
       Rpst.: Long sword |    20 |    19 ||    39

Table legend:
 A = Non-vault XP
 B = Vault XP
 C = Vault XP percentage of total XP
 D = Non-vault monster count
 E = Vault monster count
 F = Vault count percentage of total count
                 A         B        C        D         E       F
            +---------+---------+-------+---------+---------+-------
      Total |     450 |       6 |   1.3 |      80 |       4 |   4.8
            +---------+---------+-------+---------+---------+-------
        D:1 |      30 |       0 |   0.0 |      21 |       0 |   0.0
        D:2 |     103 |       6 |   5.5 |      18 |       4 |  18.2
        D:3 |     123 |       0 |   0.0 |      34 |       0 |   0.0
        D:4 |     194 |       0 |   0.0 |       7 |       0 |   0.0
            +---------+---------+-------+---------+---------+-------
